 Dungeon Crawl Stone Soup version 0.18-a0-1773-gec4f98e (webtiles) character file.

1672970 Leszczynek the Bringer of Life (level 27, 117/117 HPs)
             Began as a Vine Stalker Monk on Apr 13, 2016.
             Was the Champion of Elyvilon.
             Escaped with the Orb
             ... and 3 runes on Apr 14, 2016!
             The game lasted 05:14:30 (73955 turns).

Leszczynek the Bringer of Life (Vine Stalker Monk) Turns: 73955, Time: 05:14:31

Health: 117/117    AC: 33    Str: 16 (17) XL:     27
Magic:  33/33      EV: 23    Int:  8      God:    Elyvilon [******]
Gold:   4575       SH: 18    Dex: 22      Spells: 11 memorised, 12 levels left

rFire  + + +     SeeInvis .       - Unarmed
rCold  + . .     Gourm    +     S - +8 fire dragon armour
rNeg   + . .     Faith    .     Z - +4 shield {rN+}
rPois  +         Spirit   +     y - +0 helmet
rElec  .         Dismiss  .     F - +2 cloak "Ovetocufae" {rF+ rC+ Stlth+}
rCorr  .         Reflect  .     m - +1 pair of gloves {archery}
SustAt .         Harm     .     D - +0 pair of boots
MR     +++..     Rnd*Rage +     P - amulet of the gourmand
Stlth  +.........               H - ring of poison resistance
                                R - ring of protection from cold

@: extremely resistant to hostile enchantments, very unstealthy
A: fangs 3, rough black scales 1, berserk 1, blurry vision 1, clumsy 1,
deterioration 1, dopey 1, frail 2, low mp 2, regeneration 3, weak 1, magic
shield, antimagic bite, no device heal 3, rot immunity, subdued magic 1
a: Lesser Healing, Heal Other, Purification, Greater Healing, Divine Vigour,
Divine Protection, Renounce Religion
0: Orb of Zot
}: 3/15 runes: decaying, serpentine, abyssal


You escaped.
You worshipped Elyvilon.
Elyvilon was exalted by your worship.
You were not hungry.

You visited 10 branches of the dungeon, and saw 53 of its levels.
You visited the Abyss 3 times.
You visited 1 bazaar.
You also visited: Ice Cave.

You collected 7173 gold pieces.
You spent 2598 gold pieces at shops.

Inventory:

Hand Weapons
 a - a +4 blowgun
Missiles
 d - 5 throwing nets
 k - 9 javelins
 p - 15 poisoned javelins
 t - 59 tomahawks
 A - 5 needles of paralysis
 V - 5 silver javelins (quivered)
Armour
 m - a +1 pair of gloves of archery (worn)
 y - a +0 helmet (worn)
 D - a +0 pair of boots (worn)
 F - the +2 cloak "Ovetocufae" (worn) {rF+ rC+ Stlth+}
   (You bought it in a shop on level 4 of the Depths)

   It protects you from fire.
   It protects you from cold.
   It makes you more stealthy.
 S - a +8 fire dragon armour (worn)
 Z - a +4 shield of positive energy (worn)
Jewellery
 b - an uncursed ring of see invisible
 f - an uncursed ring of protection from magic
 H - a ring of poison resistance (right hand)
 O - an uncursed ring of positive energy
 P - an amulet of the gourmand (around neck)
 R - a ring of protection from cold (left hand)
 W - an uncursed ring of resist corrosion
Wands
 c - a wand of disintegration (14/24)
 o - a wand of acid (6/15)
 C - a wand of acid (6/15)
 T - a wand of paralysis (11/24)
 U - a wand of acid (3/15)
 Y - a wand of digging (15/24)
Scrolls
 e - 16 scrolls of identify
 g - 4 scrolls of fear
 h - a scroll of enchant weapon
 l - 25 scrolls of remove curse
 n - 12 scrolls of fog
 r - 3 scrolls of summoning
 s - 5 scrolls of recharging
 u - 14 scrolls of teleportation
 I - 3 scrolls of blinking
 K - a scroll of enchant armour
Potions
 i - 6 potions of flight
 j - 21 potions of curing
 q - 6 potions of magic
 w - a potion of might
 x - 2 potions of agility
 z - 7 potions of brilliance
 G - 6 potions of invisibility
 J - a potion of haste
 L - 2 potions of resistance
 M - 4 potions of cancellation
Miscellaneous
 Q - 2 phantom mirrors
 X - a phial of floods
Comestibles
 B - 21 bread rations
 N - 28 meat rations


   Skills:
 - Level 16.2 Fighting
 + Level 12.7 Throwing
 - Level 12.0 Armour
 - Level 17.0 Dodging
 - Level 2.4 Stealth
 - Level 15.0 Shields
 - Level 21.0 Unarmed Combat
 - Level 13.2 Spellcasting
 - Level 4.2 Charms
 - Level 3.0 Translocations
 - Level 2.0 Air Magic
 - Level 23.0 Invocations
 - Level 10.5 Evocations


You had 12 spell levels left.
You knew the following spells:

 Your Spells              Type           Power        Failure   Level  Hunger
a - Blink                 Tloc           N/A          17%         2    None
b - Repel Missiles        Chrm/Air       #.....       17%         2    None
c - Aura of Abjuration    Summ           #.........   100%        5    #####..
d - Statue Form           Trmt/Erth      #........    100%        6    #######
e - Passwall              Trmt/Erth      #.........   63%         2    None
f - Controlled Blink      Tloc           N/A          100%        8    #######
g - Summon Butterflies    Summ           #.......     36%         1    None
h - Dispersal             Tloc           #.........   100%        6    #######
i - Song of Slaying       Chrm           #.......     10%         2    None
j - Silence               Hex/Air        #.........   100%        5    #####..
k - Apportation           Tloc           #.........   12%         1    None


Dungeon Overview and Level Annotations

Branches:
Dungeon (15/15)            Temple (0/1) D:5            Lair (8/8) D:11
  Swamp (4/4) Lair:6        Snake (4/4) Lair:3        Slime (0/6) Lair:7
    Orc (2/2) D:12            Elf (3/3) Orc:2        Vaults (4/5) D:13
  Crypt (3/3) Vaults:2       Tomb (0/3) Crypt:3      Depths (5/5) D:15
    Zot (5/5) Depths:5

Altars:
Ashenzari
Cheibriados
Dithmenos
Elyvilon
Nemelex Xobeh
Okawaru
Trog
Xom
Yredelemnul
The Shining One

Shops:
D:6 *%}%   Orc:1 [   Orc:2 *?(}   Snake:2 (   Vaults:4 (   Depths:1 *
Depths:4 [

Portals:
Hell: Depths:1 Depths:2 Depths:3 Depths:4 Depths:5
Abyss: Depths:3 Depths:4 Depths:5
Pandemonium: Depths:3 Depths:5
Ziggurat: Depths:2
Trove: D:13 (show slimy rune of Zot)

Annotations:
D:3 Crazy Yiuf
D:9 Erica
D:14 exclusion: orange crystal statue, Roxanne
Lair:6 exclusion: 3 oklob plants
Snake:2 Saint Roka
Elf:2 4 runed doors
Depths:2 exclusion: downstairs
Depths:4 2 exclusions
Zot:3 exclusion: 2 doors


Innate Abilities, Weirdness & Mutations

You have razor-sharp teeth.
You regenerate.
When hurt, damage is shared between your health and your magic reserves.
Your bite disrupts and absorbs the magic of your enemies.
Potions and wands cannot restore your health.
You are immune to rotting.
You are partially covered in rough black scales (AC +4, Dex -1).
You tend to lose your temper in combat.
Scrolls take you a little longer to read.
You are clumsy. (Dex -2)
Your body sometimes deteriorates upon taking damage.
You are dopey. (Int -2)
You are very frail (-20% HP).
Your magical capacity is very low (-20% MP).
You are weak. (Str -2)
Your spells are a little easier to cast, but a little less powerful.


Message History

The red devil is heavily wounded.
You block the red devil's attack.
You pummel the red devil!!
You kill the red devil!
You feel your strength returning. You block the red devil's attack.
The red devil barely misses you.
You pummel the red devil!!
You kill the red devil!
No target in view!
No target in view!
No target in view!
(D) Dungeon (T) Temple (L) Lair (S) Swamp (P) Snake Pit (M) Slime Pits (O) Orcish Mines (E) Elven Halls (V) Vaults (C) Crypt (W) Tomb (U) Depths (H) Hell (Z) Zot
Where to? (Enter - D:1 @ (x,y), ? - help)
You see here a trident.
There is a staircase leading out of the dungeon here.
You have escaped!

#........### #.##.##...##
#####.........s## #.##.##.#.#
................# ##....##...#
.####.......##..# #..........#
.#
#.......###.#####.#######..#
.# #####.####............#
#..#
.########.####..#########.#
#..# ###.............## #.#
#..# #############>@##########
#..# #......................#
#..# #...##..##......##..##.#
#..#
#......................###..##
#...######......######)#......
#..................).).###...#
##.####################.#
##.## #..# #.# #..#######....#
#.## #..###.####.............#
#.##


You could see a giant cockroach (wandering).

Vanquished Creatures
  7 ancient liches
  4 orbs of fire
  Sojobo (Depths:4)
  Frederick (Depths:2)
  3 Killer Klowns (Zot:5)
  A curse toe (Zot:4)
  5 golden dragons
  Nikola (Snake:1)
  6 bone dragons
  A profane servitor (Abyss:3)
  Xtahua (Depths:4)
  A hellephant (Abyss:3)
  6 tentacled monstrosities
  6 liches
  An electric golem (Zot:5)
  Rupert (Snake:1)
  2 deep elf master archers (Elf:3)
  Asterion (Depths:3)
  2 deep elf blademasters (Elf:3)
  25 Orb Guardians
  An acid blob (Depths:2)
  4 death cobs
  Frances (Swamp:1)
  An Executioner (Abyss:3)
  2 sphinxes
  12 tentacled starspawn
  2 ancient champions
  4 shadow dragons
  A thorn hunter (Swamp:2)
  4 storm dragons
  8 greater nagas
  3 tengu reavers (Depths:4)
  4 revenants (Crypt:3)
  Wiglaf (Depths:1)
  2 azure jellies
  2 daevas (Abyss:3)
  2 iron dragons (Depths:5)
  8 fire giants
  6 frost giants
  10 vault wardens
  A draconian scorcher (Zot:5)
  Aizul (Swamp:3)
  12 deep elf sorcerers
  4 draconian zealots
  4 balrugs
  4 deep elf elementalists
  3 ghouls
  2 cacodemons
  A draconian knight (Zot:5)
  A draconian shifter (Zot:1)
  An angel (Abyss:3)
  A curse skull (Crypt:3)
  3 draconian annihilators
  10 ironheart preservers
  2 war gargoyles (Vaults:4)
  A stone giant (shapeshifter) (Vaults:1)
  16 stone giants
  45 very ugly things
  A caustic shrike skeleton (Crypt:3)
  An ophan (Abyss:1)
  A draconian caller (Zot:5)
  A green draconian (Zot:5)
  7 vampire knights
  Nessos (D:14)
  5 deep elf demonologists
  A salamander stormcaller (Vaults:4)
  5 black draconians
  7 deep elf annihilators
  A dire elephant (Lair:8)
  5 red draconians
  4 lorocyprocas (Abyss:3)
  6 white draconians
  4 purple draconians
  A yellow draconian (Depths:5)
  6 deep elf death magi
  10 eidola
  4 mottled draconians
  2 jiangshi
  A blizzard demon (Abyss:1)
  12 crystal guardians
  3 green deaths
  A death ooze (Depths:2)
  11 ettins
  A merfolk javelineer (Depths:5)
  7 vault guards
  4 deep elf high priests
  21 fire dragons
  10 ogre magi
  13 yaktaur captains
  A quicksilver dragon skeleton (Depths:3)
  9 entropy weavers
  9 rakshasas
  10 ice dragons
  A quicksilver dragon zombie (Depths:3)
  13 great orbs of eyes
  20 naga warriors
  9 hydras
  3 spriggan air magi
  2 catoblepae
  13 anacondas
  11 centaur warriors
  A spectral shadow dragon (Crypt:3)
  An anaconda (shapeshifter) (Zot:1)
  An iron giant zombie (Depths:4)
  A spectral tengu (Depths:3)
  2 alligators
  10 tengu warriors
  2 death knights
  17 deep troll earth magi
  4 hell hogs (Abyss:3)
  16 dancing weapons
  11 death yaks
  2 spriggan berserkers (Depths:3)
  28 thrashing horrors
  2 vampire magi
  6 shock serpents
  10 deep troll shamans
  4 orc high priests (Orc:2)
  A shock serpent (shapeshifter) (Vaults:1)
  14 naga sharpshooters
  17 deep elf knights
  8 sun demons
  4 soul eaters
  14 wretched stars
  3 spatial maelstroms
  3 fire crabs
  19 hell knights
  2 salamander mystics
  7 wizards
  16 shadow wraiths
  12 skeletal warriors
  4 iron trolls
  2 storm dragon skeletons
  33 deep trolls
  3 flayed ghosts
  A giant orange brain (shapeshifter) (Depths:4)
  4 unseen horrors
  A death drake (Abyss:3)
  5 giant orange brains
  31 starcursed masses
  3 spriggan druids
  8 harpies
  A shadow dragon zombie (Crypt:3)
  A hill giant (shapeshifter) (Depths:3)
  2 sphinx zombies
  16 orc knights
  4 swamp dragons
  10 naga ritualists
  7 hill giants
  A torturous demonspawn (Depths:3)
  A shambling mangrove (Swamp:1)
  22 deep elf archers
  A lindwurm (shapeshifter) (Vaults:2)
  A golden dragon skeleton (Depths:4)
  8 necromancers
  A harpy (shapeshifter) (Abyss:3)
  A wolf spider zombie (D:12)
  The ghost of Potsanchik the Gouger, a novice FeCK of Xom (Lair:2)
  Pikel (D:6)
  11 ironbrand convokers
  38 large abominations
  19 phantasmal warriors
  2 oklob plants (Lair:5)
  An iron dragon zombie (Depths:3)
  55 ugly things
  6 wolf spiders
  A stone giant zombie (Depths:2)
  4 manticores
  3 orc sorcerers
  A shining eye (Abyss:3)
  A griffon (shapeshifter) (Abyss:3)
  6 mana vipers
  15 salamanders
  A shadow dragon skeleton (Depths:3)
  6 griffons
  A shining eye (shapeshifter) (Depths:4)
  7 hornets
  7 cyclopes
  66 deep elf magi
  A sphinx skeleton (Depths:5)
  10 sixfirhies
  16 moths of wrath
  4 stone giant skeletons
  5 worldbinders
  40 black mambas
  2 centaur zombies
  9 guardian serpents
  15 elephants
  6 apocalypse crabs
  An eye of devastation (shapeshifter) (Vaults:3)
  15 vault sentinels
  2 dire elephant zombies
  A hell hog skeleton (Crypt:1)
  Maurice (D:9)
  An eye of devastation (Abyss:3)
  17 smoke demons
  A rust devil (D:9)
  15 spiny frogs
  A spiny frog (shapeshifter) (Depths:3)
  2 gargoyles
  6 orange demons
  3 elf zombies
  4 efreet
  A rime drake (Lair:5)
  27 naga magi
  22 freezing wraiths
  49 yaktaurs
  6 tormentors
  A white draconian zombie (Crypt:2)
  A kobold demonologist (D:11)
  2 demonic crawlers
  7 hellwings
  A grey draconian skeleton (Crypt:1)
  An ice devil (Depths:4)
  10 komodo dragons
  An anaconda simulacrum (Crypt:3)
  19 ancient zymes
  A mottled draconian skeleton (Crypt:1)
  4 red devils
  3 jumping spiders
  A merfolk (shapeshifter) (D:10)
  A minotaur zombie (Crypt:1)
  3 tengu conjurers
  3 polar bears
  14 trolls
  22 blink frogs
  2 two-headed ogres (shapeshifter)
  3 giant leeches
  50 raiju
  A blink frog (shapeshifter) (Depths:4)
  13 two-headed ogres
  6 bog bodies
  2 harpy skeletons
  A spriggan zombie (Depths:3)
  A fire dragon zombie (Crypt:3)
  62 slime creatures
  5 boulder beetles
  2 satyr zombies
  10 air elementals
  14 redbacks
  7 shadows
  4 tarantellas
  16 flying skulls
  2 spriggan skeletons
  6 vampires (Crypt:3)
  5 wyverns
  A deep troll skeleton (Depths:1)
  A redback (shapeshifter) (Abyss:3)
  6 spriggans
  61 yaks
  2 centaur simulacra
  17 ynoxinuls
  An ettin skeleton (Abyss:3)
  A yak (shapeshifter) (Depths:3)
  A guardian serpent skeleton (Crypt:2)
  13 water elementals
  17 wraiths
  3 basilisks
  16 chaos spawn
  3 golden eyes
  A giant leech zombie (Crypt:3)
  4 fire elementals
  4 humans (Vaults:2)
  A steam dragon (D:14)
  A wind drake skeleton (Crypt:3)
  An elf skeleton (Depths:3)
  2 hippogriffs
  6 hungry ghosts
  3 swamp worm simulacra (Swamp:4)
  23 vampire mosquitoes
  A yaktaur simulacrum (Depths:1)
  13 neqoxecs
  2 mottled dragons
  2 human simulacra
  81 nagas
  A soldier ant (D:14)
  3 insubstantial wisps (Swamp:1)
  5 spatial vortices
  5 wargs
  15 hydra simulacra (Swamp:4)
  17 swamp worms
  A porcupine (shapeshifter) (Abyss:3)
  3 giant eyeballs
  13 porcupines
  12 water moccasins
  An infernal demonspawn skeleton (Crypt:3)
  14 hell hounds
  A phantom (D:7)
  4 swamp drakes
  7 sky beasts
  A wasp (shapeshifter) (Depths:3)
  5 wasps
  3 eyes of draining
  2 black bears
  6 ice beasts
  47 orc warriors
  40 ogres
  25 wolves
  17 boggarts
  35 centaurs
  4 necrophages
  A blink frog skeleton (Crypt:1)
  2 big kobolds
  16 crocodiles
  A gnoll sergeant (D:12)
  23 giant frogs
  A wyvern zombie (D:9)
  A tengu simulacrum (Depths:2)
  2 wyvern skeletons
  6 scorpions
  10 wights
  A vampire bat (D:5)
  2 electric eels
  A wasp zombie (D:12)
  11 howler monkeys
  A lava snake (Lair:6)
  33 small abominations
  16 crimson imps
  5 giant frog zombies
  6 quasits
  10 hounds
  3 giant frog skeletons
  49 orc priests
  3 iron imps
  6 jellies
  47 orc wizards
  3 centaur skeletons
  5 iguanas
  4 hell rats
  11 worker ants
  2 lightning spires (Depths:1)
  A killer bee zombie (D:6)
  28 sheep
  A hound skeleton (D:4)
  3 worker ant zombies
  A howler monkey zombie (D:10)
  4 gnolls (D:12)
  14 adders
  85 river rats
  10 shadow imps
  16 white imps
  5 swamp drake simulacra (Swamp:4)
  2 ufetubi
  4 oozes (Depths:2)
  An adder zombie (D:5)
  A lava snake zombie (Crypt:3)
  An adder skeleton (D:6)
  A sheep skeleton (Crypt:3)
  4 worms
  3 dart slugs
  4 fire bats
  6 giant geckos
  128 orcs
  2 spectral bats (D:5)
  4 ball pythons
  3 bat skeletons (D:5)
  A bat zombie (D:5)
  6 giant cockroaches
  5 goblins
  10 hobgoblins
  17 jackals
  4 quokkas
  13 bats
  A bat simulacrum (D:5)
  A giant gecko skeleton (D:5)
  6 giant newts
  A goblin zombie (Crypt:3)
  25 kobolds
  A kobold zombie (Crypt:3)
  A quokka skeleton (D:7)
  A quokka zombie (D:8)
  9 rats
  A lurking horror (Abyss:1)
  A plant (D:11)
  9 starspawn tentacles
3079 creatures vanquished.

Vanquished Creatures (collateral kills)
  An ugly thing (D:12)
1 creature vanquished.

Vanquished Creatures (others)
  A tentacled starspawn (Abyss:3)
  A deep elf elementalist (Elf:3)
  A stone giant (Depths:5)
  A black draconian (Depths:5)
  A deep elf high priest (Elf:3)
  An ogre mage (Depths:1)
  A hell hog (Abyss:3)
  A deep elf mage (Elf:2)
  A moth of wrath (Zot:5)
  A worldbinder (Abyss:3)
  A black mamba (Snake:2)
  A naga mage (Snake:4)
  2 large abominations (Abyss:3)
  3 small abominations (Abyss:3)
  A chaos spawn (Abyss:3)
  A naga (Abyss:3)
  An ufetubus (Abyss:3)
  2 ball lightnings (Depths:1)
  10 bushes (Abyss:3)
  9 demonic plants (Abyss:3)
  A fire vortex (Abyss:3)
  53 fungi
  4 lost souls
  A lurking horror (Abyss:3)
  28 plants
  31 starspawn tentacles
  88 starspawn tentacle segments
247 creatures vanquished.

Grand Total: 3327 creatures vanquished

Notes
Turn   | Place    | Note
--------------------------------------------------------------
     0 | D:1      | Leszczynek the Vine Stalker Monk began the quest for the Orb.
     0 | D:1      | Reached XP level 1. HP: 11/11 MP: 2/2
   127 | D:1      | Reached XP level 2. HP: 16/16 MP: 3/3
   371 | D:1      | Reached skill level 1 in Spellcasting
   374 | D:1      | Reached XP level 3. HP: 20/20 MP: 5/5
   999 | D:2      | Found a shattered altar of Ashenzari.
  1440 | D:2      | Reached XP level 4. HP: 24/24 MP: 7/7
  1778 | D:3      | Noticed Crazy Yiuf
  2138 | D:3      | Reached skill level 5 in Unarmed Combat
  2163 | D:3      | Found a glowing golden altar of the Shining One.
  2163 | D:3      | Found a white marble altar of Elyvilon.
  2166 | D:3      | Became a worshipper of Elyvilon the Healer
  2166 | D:3      | Reached * piety under Elyvilon
  2166 | D:3      | Reached ** piety under Elyvilon
  2473 | D:3      | Reached XP level 5. HP: 27/28 MP: 9/9
  2654 | D:4      | Got a steaming scale mail
  2665 | D:4      | Identified the +6 scale mail of Okawaru's Fury {rCorr Str+3 Int-4 Dex+3} (You found it on level 4 of the Dungeon)
  2665 | D:4      | nice
  2694 | D:4      | Noticed an ogre
  2711 | D:4      | Found a white marble altar of Elyvilon.
  2752 | D:4      | Gained mutation: You heal very quickly. [Vine Stalker growth]
  2752 | D:4      | Reached XP level 6. HP: 20/33 MP: 6/10
  3059 | D:4      | Reached XP level 7. HP: 32/37 MP: 12/12
  3534 | D:5      | Entered Level 5 of the Dungeon
  3545 | D:5      | Found a staircase to the Ecumenical Temple.
  3564 | D:5      | Reached skill level 1 in Shields
  3643 | D:5      | Reached *** piety under Elyvilon
  3742 | D:5      | Found an iron altar of Okawaru.
  3919 | D:5      | Found a sparkling altar of Nemelex Xobeh.
  4218 | D:5      | Gained mutation: You have razor-sharp teeth. [Vine Stalker growth]
  4218 | D:5      | Reached XP level 8. HP: 42/42 MP: 13/15
  4637 | D:6      | Reached skill level 5 in Fighting
  4645 | D:6      | Found Veuck's Food Boutique.
  4652 | D:6      | Found Unleluips's General Store.
  4666 | D:6      | Bought a scroll of teleportation for 33 gold pieces
  4666 | D:6      | Bought a scroll of identify for 22 gold pieces
  4684 | D:6      | Noticed Pikel
  4701 | D:6      | Killed Pikel
  4712 | D:6      | Found Uhio's Food Shop.
  4746 | D:6      | Found Vukimpof's Magic Scroll Emporium.
  4793 | D:6      | Found a snail-covered altar of Cheibriados.
  4837 | D:6      | Reached skill level 5 in Spellcasting
  4837 | D:6      | Reached XP level 9. HP: 47/47 MP: 17/17
  4969 | D:6      | Found Ketzoit's Gadget Shoppe.
  5048 | D:6      | Found a shadowy altar of Dithmenos.
  5255 | D:6      | Learned a level 2 spell: Blink
  5258 | D:6      | Learned a level 2 spell: Repel Missiles
  5415 | D:7      | Reached **** piety under Elyvilon
  5575 | D:7      | Reached skill level 1 in Throwing
  6935 | D:8      | Reached XP level 10. HP: 44/53 MP: 18/20
  7295 | D:9      | Reached skill level 10 in Unarmed Combat
  7350 | D:9      | Noticed Maurice
  7375 | D:9      | Killed Maurice
  7375 | D:9      | Reached skill level 1 in Invocations
  7484 | D:9      | Reached ***** piety under Elyvilon
  7578 | D:9      | Reached skill level 2 in Invocations
  7747 | D:9      | Noticed Erica
  8204 | D:10     | Entered Level 10 of the Dungeon
  8268 | D:10     | Reached skill level 5 in Shields
  8359 | D:10     | Reached skill level 5 in Throwing
  8362 | D:10     | Reached skill level 3 in Invocations
  8422 | D:10     | Noticed a hill giant
  8432 | D:10     | Killed a hill giant
  8461 | D:10     | Noticed a hill giant
  8567 | D:10     | Killed a hill giant
  8567 | D:10     | Reached XP level 11. HP: 29/58 MP: 10/21
  8584 | D:10     | Reached skill level 4 in Invocations
  9356 | D:11     | Found a staircase to the Lair.
  9476 | D:11     | Noticed a red ugly thing
  9477 | D:11     | Reached skill level 5 in Invocations
  9585 | Lair:1   | Entered Level 1 of the Lair of Beasts
 10368 | Lair:2   | Noticed a four-headed hydra
 10368 | Lair:2   | Noticed Potsanchik's ghost (novice FeCK)
 10381 | Lair:1   | Killed a four-headed hydra
 10499 | Lair:2   | Reached skill level 6 in Invocations
 10499 | Lair:2   | Gained mutation: You regenerate. [Vine Stalker growth]
 10499 | Lair:2   | Reached XP level 12. HP: 62/62 MP: 22/22
 10696 | Lair:2   | Killed Potsanchik's ghost
 10880 | Lair:2   | Found a frozen archway.
 10939 | IceCv    | Entered an ice cave
 10940 | IceCv    | nope
 11508 | Lair:3   | Found a staircase to the Snake Pit.
 12062 | Lair:3   | Reached skill level 7 in Invocations
 12245 | Lair:4   | Noticed a death yak
 12623 | Lair:4   | Noticed a death yak
 12624 | Lair:4   | Noticed a death yak
 12660 | Lair:4   | Killed a death yak
 12675 | Lair:4   | Killed a death yak
 12715 | Lair:4   | Reached XP level 13. HP: 68/68 MP: 23/23
 13130 | Lair:4   | Reached ****** piety under Elyvilon
 13237 | Lair:4   | Reached skill level 8 in Invocations
 13967 | Lair:5   | nottodisshittoagen.jpg
 14399 | Lair:6   | Found a staircase to the Swamp.
 14407 | Lair:6   | Reached skill level 1 in Evocations
 15454 | Lair:7   | oh, rF+ ring, now i can actually try exiting the lair
 15735 | Lair:7   | Learned a level 5 spell: Aura of Abjuration
 15964 | Lair:7   | Learned a level 6 spell: Statue Form
 15965 | Lair:7   | i'm only learning these because i have spell capacity by the way
 15988 | Lair:7   | Found a staircase to the Slime Pits.
 16048 | Lair:8   | Entered Level 8 of the Lair of Beasts
 16060 | Lair:8   | Reached XP level 14. HP: 73/73 MP: 26/26
 16692 | Lair:8   | Reached skill level 1 in Armour
 17378 | Lair:8   | Reached skill level 10 in Shields
 17599 | Lair:8   | Noticed a dire elephant
 17662 | Lair:8   | Killed a dire elephant
 17953 | D:11     | Reached skill level 5 in Evocations
 19468 | D:12     | Found a staircase to the Orcish Mines.
 19705 | Orc:1    | Entered Level 1 of the Orcish Mines
 19903 | D:12     | Reached XP level 15. HP: 77/77 MP: 28/28
 19909 | D:12     | Reached skill level 5 in Dodging
 20282 | Orc:2    | Entered Level 2 of the Orcish Mines
 20420 | Orc:1    | fug
 20420 | Orc:1    | stone giant
 20447 | Orc:1    | i thought it will be worse
 20462 | Orc:1    | Found Edebas's Armour Shop.
 21226 | Orc:2    | Found a staircase to the Elven Halls.
 22119 | Orc:2    | Found Ikliat's Magic Scroll Shoppe.
 22119 | Orc:2    | Found Dyopamimuo's Gadget Emporium.
 22128 | Orc:2    | Found Lischieq's Weapon Emporium.
 22147 | Orc:2    | Found Kysmaleu's General Store.
 22157 | Orc:2    | Bought a wand of acid (9/15) for 338 gold pieces
 22157 | Orc:2    | Bought a scroll of fog for 26 gold pieces
 22158 | Orc:2    | Bought a scroll of identify for 30 gold pieces
 22158 | Orc:2    | Bought a scroll of blinking for 112 gold pieces
 22158 | Orc:2    | Bought a scroll of fear for 52 gold pieces
 22158 | Orc:2    | Bought a scroll of fear for 52 gold pieces
 22158 | Orc:2    | Bought a scroll of identify for 30 gold pieces
 22806 | D:13     | Reached skill level 15 in Unarmed Combat
 22850 | D:13     | Found a portal to a secret trove of treasure.
 22884 | D:13     | slime rune for entrance
 22884 | D:13     | neat
 23271 | D:13     | nice cursed arbalest mate
 23457 | D:13     | Found a gate to the Vaults.
 23985 | D:13     | Reached skill level 5 in Armour
 23997 | D:14     | uh huh
 24097 | D:14     | Noticed Roxanne
 24138 | D:14     | the hell
 24405 | D:14     | Noticed Nessos
 24431 | D:14     | Killed Nessos
 24614 | D:14     | Reached XP level 16. HP: 78/83 MP: 29/29
 24778 | D:15     | Entered Level 15 of the Dungeon
 24986 | D:15     | shieeet
 25343 | D:15     | owwww
 25351 | D:15     | fug
 25585 | D:15     | Found a staircase to the Depths.
 25908 | D:15     | fucker tried to banish me
 25927 | D:15     | Learned a level 2 spell: Passwall
 26179 | Swamp:1  | Entered Level 1 of the Swamp
 26699 | Swamp:1  | Noticed Frances
 26700 | Swamp:1  | uhhh
 26717 | Swamp:1  | Killed Frances
 27308 | Swamp:2  | Noticed a thorn hunter
 27309 | Swamp:2  | fug
 27319 | Swamp:2  | if i had "reflection, it would be trivial
 27321 | Swamp:2  | Killed a thorn hunter
 27321 | Swamp:2  | Reached skill level 9 in Invocations
 27323 | Swamp:2  | well, still wasn't that hard
 28052 | Swamp:3  | Noticed Aizul
 28066 | Swamp:3  | Killed Aizul
 28305 | Swamp:3  | fucking hell
 28351 | Swamp:3  | fuck druids, seriously
 28351 | Swamp:3  | 2 ?blinks left
 28497 | Swamp:4  | Entered Level 4 of the Swamp
 28531 | Swamp:4  | Reached skill level 10 in Fighting
 28750 | Swamp:4  | Got a shadowed robe
 28751 | Swamp:4  | Identified the +1 robe of the Blessed Realm {Int+2} (You found it on level 4 of the Swamp)
 28789 | Swamp:4  | Reached XP level 17. HP: 87/89 MP: 28/30
 29513 | Swamp:4  | azure jelly?!
 29557 | Swamp:4  | thank god for this kiting spot
 29628 | Swamp:4  | Got a decaying rune of Zot
 29900 | Snake:1  | Entered Level 1 of the Snake Pit
 29901 | Snake:1  | the fun stops now :(
 29901 | Snake:1  | also no rElec
 29975 | Snake:1  | Noticed Nikola
 29989 | Snake:1  | Killed Nikola
 29989 | Snake:1  | Reached skill level 10 in Invocations
 30061 | Snake:1  | You fall through a shaft!
 30065 | Snake:2  | i didn't ask for this
 30116 | Snake:2  | Found a sparkling altar of Nemelex Xobeh.
 30720 | Snake:1  | Noticed Rupert
 30721 | Snake:1  | shit
 30734 | Snake:1  | Killed Rupert
 30898 | Snake:1  | it's all cool, but now i'm out of !agi and !might and only 1 !haste left
 31094 | Snake:2  | Found Udoadil's Weapon Boutique.
 31097 | Snake:2  | +7 rapier {freeze, rF+++ rC+ Dex+2 SInv}
 31097 | Snake:2  | wew lad
 31814 | Snake:2  | Noticed Saint Roka
 31818 | Snake:2  | jesus christ what's wrong with this game
 31885 | Snake:1  | fuck off
 31936 | Snake:1  | i'll just skip him
 31967 | Snake:2  | Reached skill level 10 in Spellcasting
 32118 | Snake:3  | i'll give up on the large shield for now, 0.3 hit on the AA speed is too much
 32351 | Snake:3  | jesus
 32812 | Snake:3  | Reached skill level 11 in Invocations
 32944 | Snake:3  | Reached XP level 18. HP: 94/94 MP: 33/33
 33507 | Snake:4  | Entered Level 4 of the Snake Pit
 33541 | Snake:4  | Found a bloodstained altar of Trog.
 33782 | Snake:4  | the fuck? why do they suddenly hurt so much?
 33956 | Snake:4  | oh god
 35336 | Snake:4  | Reached skill level 12 in Invocations
 35596 | Snake:4  | these snake vaults are always so damn tedious
 36167 | Snake:4  | Reached XP level 19. HP: 97/98 MP: 34/34
 36209 | Snake:4  | Got a serpentine rune of Zot
 36470 | Snake:4  | Reached skill level 15 in Shields
 36702 | Vaults:1 | Entered Level 1 of the Vaults
 37259 | Vaults:1 | Paralysed by a hornet for 1 turns
 38155 | Vaults:1 | ugh
 38289 | Vaults:1 | sure, NOW it fucking hits me every fucking turn
 38289 | Vaults:1 | when i'm this low
 38289 | Vaults:1 | what do you call this, fucking stupid bullshit?
 38289 | Vaults:1 | yeah, sounds about right
 38673 | Vaults:1 | Noticed a Hell Sentinel
 39158 | Vaults:1 | Cast into level 2 of the Abyss (a deep elf sorcerer)
 39159 | Abyss:2  | 16%, first turn in LoS
 39159 | Abyss:2  | and down to 2 already
 39203 | Vaults:1 | Escaped the Abyss
 39479 | Vaults:2 | are you fucking kidding me
 39479 | Vaults:2 | this is depths stuff
 39665 | Vaults:2 | 1 !haste left
 39785 | Vaults:2 | Reached skill level 10 in Dodging
 39797 | Vaults:2 | Reached skill level 10 in Armour
 39947 | Vaults:2 | Reached XP level 20. HP: 97/104 MP: 35/35
 39974 | Vaults:2 | MR cloak, finally
 40000 | Vaults:2 | Found a staircase to the Crypt.
 40213 | Vaults:2 | Found a gateway to a bazaar.
 40273 | Vaults:2 | Identified a scroll of acquirement
 40293 | Bazaar   | Entered a bazaar
 40299 | Bazaar   | Found Siveuq's Jewellery Boutique.
 40299 | Bazaar   | Found Dyshroptu's Book Shop.
 40311 | Bazaar   | bazaar with items?
 40311 | Bazaar   | wut
 40331 | Bazaar   | Learned a level 8 spell: Controlled Blink
 40335 | Bazaar   | Bought an uncursed ring of protection from magic for 300 gold pieces
 40339 | Bazaar   | Bought an uncursed ring of protection from fire for 300 gold pieces
 40362 | Vaults:2 | nice wand of lightning from ?acq
 43326 | Vaults:3 | Reached XP level 21. HP: 112/112 MP: 37/37
 43642 | Vaults:3 | Got a silken robe
 43643 | Vaults:3 | Identified the +2 robe "Akaguyl" {Dex+2} (You found it on level 3 of the Vaults)
 44017 | Vaults:4 | Upgraded the game from 0.18-a0-1760-gbb863503 to 0.18-a0-1773-gec4f98e
 44179 | Vaults:4 | Found Luokk's Weapon Boutique.
 45384 | Depths:1 | Entered Level 1 of the Depths
 45386 | Depths:1 | Found Vitez's General Store.
 45635 | Depths:1 | Bought a +1 pair of gloves of archery for 297 gold pieces
 46146 | Depths:1 | Identified the Incunabulum of the Birds
 46271 | Depths:1 | Noticed Wiglaf
 46657 | Depths:1 | Found a gateway to Hell.
 46738 | Depths:1 | Reached skill level 10 in Throwing
 46946 | Elf:1    | Entered Level 1 of the Elven Halls
 47173 | Elf:1    | Reached XP level 22. HP: 101/120 MP: 38/38
 47682 | Elf:1    | Identified Qulugg's Catalogue of Companions
 47685 | Elf:1    | Learned a level 1 spell: Summon Butterflies
 47694 | Elf:1    | Learned a level 6 spell: Dispersal
 48096 | Elf:1    | Reached skill level 1 in Charms
 48412 | Elf:2    | Reached skill level 1 in Air Magic
 48911 | Elf:2    | Reached skill level 1 in Translocations
 48922 | Elf:2    | Found a large runed door.
 48922 | Elf:2    | Found a large runed door.
 48948 | Elf:2    | Found a large runed door.
 48948 | Elf:2    | Found a large runed door.
 48999 | Elf:3    | Entered Level 3 of the Elven Halls
 49402 | Elf:3    | xl 22, only 2 amulets spawned in the game
 50610 | Elf:3    | Reached skill level 10 in Evocations
 50897 | Elf:3    | Reached XP level 23. HP: 124/124 MP: 40/40
 51195 | Elf:3    | Got an ichor-stained chain mail
 51196 | Elf:3    | Identified the +5 chain mail of the Alphagorgon {rElec Str+3} (You took it off a deep elf master archer on level 3 of the Elven Halls)
 51461 | Elf:3    | Learned a level 1 spell: Summon Small Mammal
 51508 | Elf:3    | Got a slimy leather armour
 51509 | Elf:3    | Identified the cursed +0 leather armour of the Realm of Zot {Slay+4} (You found it on level 3 of the Elven Halls)
 51567 | Elf:3    | STILL only two amulets in the whole game
 51567 | Elf:3    | ridiculous
 51567 | Elf:3    | only one rC ring too, so i can't have any rC resistance if i wear FDA
 52047 | Depths:1 | Killed Wiglaf
 52408 | Depths:1 | Learned a level 5 spell: Silence
 52409 | Depths:1 | THE FUCK
 52409 | Depths:1 | i learned this spell, what the hell
 52696 | Elf:3    | Learned a level 1 spell: Apportation
 52696 | Elf:3    | ah, of course, wrong key
 53052 | D:14     | Learned a level 2 spell: Song of Slaying
 53567 | Depths:2 | Found a gateway to a ziggurat.
 54611 | Depths:3 | Noticed Frederick
 54726 | Depths:2 | Killed Frederick
 55099 | Depths:3 | Noticed Asterion
 55118 | Depths:3 | Killed Asterion
 55217 | Depths:3 | Found a one-way gate to the infinite horrors of the Abyss.
 55447 | Depths:3 | Reached XP level 24. HP: 96/129 MP: 40/40
 55978 | Depths:3 | Identified Sif Muna's Incunabulum of Sinister Rituals
 56297 | Depths:3 | Found a one-way gate leading to the halls of Pandemonium.
 56956 | Depths:4 | summoners summoning summoners
 57365 | Depths:4 | pffft
 57486 | Depths:4 | Identified the Guide on Igneous Changing
 57560 | Depths:4 | Noticed Sojobo
 57610 | Depths:4 | Killed Sojobo
 57610 | Depths:4 | Reached skill level 15 in Fighting
 57670 | Depths:4 | Found Neisur's Antique Armour Shop.
 57686 | Depths:4 | Bought an encrusted cloak for 503 gold pieces
 57686 | Depths:4 | Bought a warped chain mail for 503 gold pieces
 57686 | Depths:4 | Identified the +2 cloak "Ovetocufae" {rF+ rC+ Stlth+} (You bought it in a shop on level 4 of the Depths)
 57687 | Depths:4 | ohhhhhhhh
 57688 | Depths:4 | finally something good since that +6 rCorr scale i'm still wearing ;_;
 57688 | Depths:4 | Identified the +4 chain mail of Jigasm {rElec Str+2 Stlth+} (You bought it in a shop on level 4 of the Depths)
 57762 | Depths:4 | Noticed Xtahua
 57795 | Depths:4 | Killed Xtahua
 58426 | Depths:4 | Reached skill level 20 in Unarmed Combat
 58694 | Depths:5 | Entered Level 5 of the Depths
 59126 | Depths:5 | Found a gate to the Realm of Zot.
 59243 | Depths:5 | Reached XP level 25. HP: 136/136 MP: 40/40
 59463 | Depths:5 | Reached skill level 13 in Invocations
 59740 | Depths:5 | it's pretty funny, i found 4 !might on like d:1-3
 59740 | Depths:5 | then i think one more somewhere and that's it, not even one more
 59990 | Depths:5 | Voluntarily entered the Abyss.
 60102 | Abyss:1  | btw, still only two amulets spawned in the game
 60211 | Abyss:1  | why do i carry !brill with me again?
 60263 | Abyss:1  | Found a corrupted altar of Lugonu.
 60335 | Abyss:1  | Found a corrupted altar of Lugonu.
 60350 | Abyss:1  | it gave me berserkitis 3
 60350 | Abyss:1  | wow
 60350 | Abyss:1  | can't wait to get paralyzed in a crowd of opponents
 60543 | Abyss:1  | Found a corrupted altar of Lugonu.
 60728 | Abyss:1  | Reached skill level 14 in Invocations
 61109 | Abyss:1  | i fucking love abyss
 61586 | Abyss:2  | Found a burning altar of Makhleb.
 61629 | Abyss:2  | Found a shattered altar of Ashenzari.
 61723 | Abyss:2  | Found a shattered altar of Ashenzari.
 61826 | Abyss:2  | Found a shattered altar of Ashenzari.
 61997 | Abyss:2  | Reached skill level 15 in Invocations
 62115 | Abyss:3  | Found a viscous altar of Jiyva.
 63148 | Abyss:3  | Reached XP level 26. HP: 130/143 MP: 40/40
 63242 | Abyss:3  | Reached skill level 16 in Invocations
 63559 | Abyss:3  | there it is
 63559 | Abyss:3  | full of distortion weapons
 63641 | Abyss:3  | Got an abyssal rune of Zot
 63691 | Abyss:3  | Found an iron altar of Okawaru.
 63731 | Abyss:3  | Got a crude large shield
 63732 | Abyss:3  | Identified the cursed +0 large shield of Mumorgh {Dex+4} (You took it off a daeva on level 3 of the Abyss)
 64108 | Abyss:3  | Gained mutation: You are frail (-10% HP). [a neqoxec]
 64109 | Abyss:3  | Gained mutation: You tend to lose your temper in combat. [a neqoxec]
 64123 | Abyss:3  | Lost mutation: You are frail (-10% HP). [potion of cure mutation]
 64123 | Abyss:3  | Lost mutation: You tend to lose your temper in combat. [potion of cure mutation]
 64189 | Abyss:3  | Reached skill level 17 in Invocations
 64843 | Abyss:3  | Reached skill level 18 in Invocations
 65176 | Abyss:3  | Got a bloodstained large shield
 65179 | Abyss:3  | Identified the +5 large shield "Muyddujuse" {rC- MR+ Str+3} (You took it off a daeva on level 3 of the Abyss)
 65183 | Abyss:3  | Found a corrupted altar of Lugonu.
 65311 | Depths:5 | Escaped the Abyss
 65312 | Depths:5 | fucking finally
 65312 | Depths:5 | it was getting very ridiculous
 65312 | Depths:5 | over 5k turns in abyss, speedrunner's nightmare
 65426 | Depths:5 | maybe i'll go to crypt
 65426 | Depths:5 | might find an amulet there
 65426 | Depths:5 | (yep, still only two spawned)
 65426 | Depths:5 | i actually found the same number of randart large shields as i found ANY amulets
 65720 | Depths:4 | Reached skill level 19 in Invocations
 65794 | Depths:3 | Reached XP level 27. HP: 89/147 MP: 37/41
 66120 | Crypt:1  | Entered Level 1 of the Crypt
 66360 | Crypt:2  | is this an open layout in fucking crypt
 66360 | Crypt:2  | are you serious
 66457 | Crypt:2  | no, not really open but i spawned in the biggest room
 66482 | Crypt:3  | Entered Level 3 of the Crypt
 66563 | Crypt:3  | Found a basalt altar of Yredelemnul.
 66574 | Crypt:3  | Identified the Handbook of Dark Magic
 66638 | Crypt:3  | Found a staircase to the Tomb.
 66838 | Crypt:3  | Reached skill level 20 in Invocations
 67208 | Crypt:3  | Found a shimmering altar of Xom.
 67966 | Crypt:3  | sniper
 67975 | Crypt:3  | but no amulets
 67975 | Crypt:3  | ha ha
 67990 | Crypt:3  | Identified a +3 rod of clouds (13/13) (You found it on level 3 of the Crypt)
 68042 | Crypt:3  | Cast into level 4 of the Abyss (a lich)
 68043 | Abyss:4  | really
 68043 | Abyss:4  | again?
 68217 | Abyss:4  | Gained mutation: You are partially covered in rough black scales (AC +4, Dex -1). [a neqoxec]
 68250 | Abyss:4  | Reached skill level 21 in Invocations
 68286 | Abyss:4  | Found a snail-covered altar of Cheibriados.
 68309 | Crypt:3  | Escaped the Abyss
 68521 | Crypt:3  | Noticed an ancient lich
 68553 | Crypt:3  | Killed an ancient lich
 69133 | Zot:1    | Entered Level 1 of the Realm of Zot
 69134 | Zot:1    | nice title
 69410 | Zot:1    | Gained mutation: Scrolls take you a little longer to read. [a neqoxec]
 69566 | Zot:1    | Reached skill level 22 in Invocations
 69574 | Zot:1    | Noticed an orb of fire
 69718 | Zot:1    | Gained mutation: You are clumsy. (Dex -2) [an orb of fire]
 69726 | Zot:1    | Gained mutation: You are very clumsy. (Dex -4) [an orb of fire]
 69733 | Zot:1    | Gained mutation: You are frail (-10% HP). [an orb of fire]
 69755 | Zot:1    | Killed an orb of fire
 70623 | Zot:5    | Entered Level 5 of the Realm of Zot
 70629 | Zot:5    | Got a brightly glowing scale mail
 70632 | Zot:5    | Identified the +3 scale mail of Grace {*Contam rF++} (You found it on level 5 of the Realm of Zot)
 70937 | Zot:5    | Reached skill level 23 in Invocations
 71162 | Zot:5    | see this fucking bullshit?
 71218 | Zot:5    | Noticed an ancient lich
 71247 | Zot:5    | Killed an ancient lich
 71311 | Zot:5    | Noticed an ancient lich
 71312 | Zot:5    | THE FUCK
 71312 | Zot:5    | THE FUCKING FUCK IS THIS FUCKING SHIT
 71312 | Zot:5    | I CLEARED THIS FUCKING BULLSHIT AND NOW ITS CRAWLING WITH MONSTERS
 71312 | Zot:5    | OH BOY PERMANENT TELE TRAPS IN CHOKEPOINTS ARE SUCH A FUN FEATURE XDXDXDXDXDXDXD
 71324 | Zot:5    | Killed an ancient lich
 71502 | Zot:5    | Noticed an ancient lich
 71521 | Zot:5    | Killed an ancient lich
 71674 | Zot:5    | so basically
 71674 | Zot:5    | because of this fucking bullshit
 71674 | Zot:5    | bullshit connection drop for no reason
 71688 | Zot:5    | Noticed an orb of fire
 71708 | Zot:5    | Gained mutation: You occasionally shout uncontrollably at your foes. [an orb of fire]
 71716 | Zot:5    | Gained mutation: You tend to lose your temper in combat. [an orb of fire]
 71718 | Zot:5    | Gained mutation: Your spells are a little easier to cast, but a little less powerful. [an orb of fire]
 71719 | Zot:5    | Gained mutation: You are very frail (-20% HP). [an orb of fire]
 71723 | Zot:5    | Killed an orb of fire
 71773 | Zot:5    | Noticed an ancient lich
 71791 | Zot:5    | Killed an ancient lich
 71859 | Zot:5    | Noticed an orb of fire
 71869 | Zot:5    | Gained mutation: Your magical capacity is low (-10% MP). [an orb of fire]
 71874 | Zot:5    | Gained mutation: Your body sometimes deteriorates upon taking damage. [an orb of fire]
 71892 | Zot:5    | Killed an orb of fire
 71970 | Zot:5    | on the bright side i have already killed 3 orbs and 4 aliches, there might be not that many left
 71986 | Zot:5    | Noticed an ancient lich
 72073 | Zot:5    | Reached skill level 15 in Dodging
 72160 | Zot:5    | Killed an ancient lich
 72284 | Zot:5    | and there was a berserking para
 72284 | Zot:5    | also only 2 cMut spawned the whole game
 72284 | Zot:5    | because the rate went up :^)
 72561 | Zot:5    | Noticed an orb of fire
 72563 | Zot:5    | Gained mutation: Scrolls take you longer to read. [an orb of fire]
 72564 | Zot:5    | Gained mutation: You are dopey. (Int -2) [an orb of fire]
 72565 | Zot:5    | Gained mutation: You are weak. (Str -2) [an orb of fire]
 72565 | Zot:5    | Gained mutation: You are very dopey. (Int -4) [an orb of fire]
 72567 | Zot:5    | Gained mutation: Your magical capacity is very low (-20% MP). [an orb of fire]
 72588 | Zot:5    | Killed an orb of fire
 72912 | Zot:5    | Noticed an ancient lich
 72913 | Zot:5    | i'm dead
 72943 | Zot:5    | Killed an ancient lich
 73072 | Zot:5    | Lost mutation: Scrolls take you longer to read. [potion of cure mutation]
 73072 | Zot:5    | Lost mutation: You occasionally shout uncontrollably at your foes. [potion of cure mutation]
 73072 | Zot:5    | Lost mutation: You are very dopey. (Int -4) [potion of cure mutation]
 73072 | Zot:5    | Lost mutation: You are very clumsy. (Dex -4) [potion of cure mutation]
 73131 | Zot:5    | one !haste
 73131 | Zot:5    | dis gon b gud
 73131 | Zot:5    | Got the Orb of Zot
 73208 | Zot:5    | Noticed an ancient lich
 73209 | Zot:5    | Noticed an ancient lich
 73210 | Zot:5    | Noticed an ancient lich
 73318 | Zot:1    | Noticed Das Gija the pandemonium lord
 73445 | Depths:2 | Noticed Xelef the pandemonium lord
 73551 | D:14     | Noticed Ajoupn the pandemonium lord
 73955 | D:$      | Escaped with the Orb!

Vault maps used:
D:1:      dpeg_arrival_line_fractal, grunt_decor_one_mirror,
          minmay_misc_feat_enclosed
D:2:      evilmike_ruin_ashenzari
D:3:      gammafunk_temple_overflow_elements, hangedman_decor_growths,
          uniq_crazy_yiuf_cottage
D:4:      first_bread, elyvilon_altar_3
D:5:      nemelex_xobeh_ov_fountains_minmay, okawaru_gym_becter,
          minmay_temple_entry_overgrown, supply_closet_lemuel, goddamned_bats
D:6:      lemuel_doored_altar, serial_shops, nicolae_shop_stone,
          kennysheep_mini_moat, nicolae_shop_crystal, shop, shop, basic_altar,
          grunt_ministairs_11, solitary_fountain, uniq_pikel
D:9:      the_bakery, minivault_11, small_statue_intersection,
          minmay_misc_feat_four_crosses, uniq_maurice, uniq_erica
D:11:     dpeg_oklobed_lair
D:12:     orc_0_dummy
D:13:     david_vaults_1, enter_trove_3
D:14:     minmay_protected_statue, uniq_nessos, uniq_roxanne
D:15:     grunt_enter_depths_snipers, nrook_uturn, st_stairs_10,
          minmay_librarian
Lair:1:   infiniplex_staircase_pool_2, grunt_megastairs_2
Lair:2:   portal_ice_cave_entry_imps, grunt_megastairs_3,
          infiniplex_staircase_pool, serial_bayou_shore_b
Lair:3:   minmay_snake_entry_guardpost_small, roderic_lost_polar_bear,
          grunt_megastairs_1
Lair:4:   fungi_pond_lemuel, minivault_25
Lair:5:   dpeg_oklob_gauntlet, lemuel_fruit_tree
Lair:6:   swamp_mist_pool, dpeg_oklob_1
Lair:7:   boulder_quad_collide, dpeg_slime_entry_corner
Lair:8:   grunt_lair_end_beastmaster
Swamp:1:  evilmike_swamp_ruin_house_1, uniq_frances
Swamp:2:  nicolae_swamp_little_tower
Swamp:3:  evilmike_swamp_ruin_house_3, uniq_aizul
Swamp:4:  swamp_icy
Snake:1:  st_stairs_11, uniq_rupert, uniq_nikola
Snake:2:  serial_shops, nicolae_shop_behind_doors, basic_altar, uniq_saint_roka
Snake:3:  grunt_megastairs_4
Snake:4:  minmay_snake_end_coiled, basic_altar, hangedman_snake_pattern,
          hangedman_snake_corridor_cut
Orc:1:    serial_shops, shop_statue, sword_in_stone
Orc:2:    st_orc_mages
Elf:1:    minmay_elf_demonology
Elf:3:    minmay_elf_hall_golems, fountainhead
Vaults:1: vaults_room_pool, ontoclasm_vaults_twist, v_misc_22,
          vaults_room_door_hall, nicolae_vaults_border_crossing, v_misc_25,
          nicolae_vaults_gold_heap
Vaults:2: hangedman_vaults_nails, vaults_room_boxed, hangedman_vaults_capsules,
          vaults_mumra_hexcomb, nicolae_vaults_theta,
          minmay_crypt_entry_simple_box, nicolae_vaults_yaktaur_gun_rack,
          v_misc_3, ontoclasm_vaults_pinch, nicolae_vaults_shelves_hall,
          serial_shops, bzr_entry_customers
Vaults:3: ontoclasm_vaults_eye, v_misc_10, vaults_mumra_hex,
          vaults_room_door_ring, nicolae_vaults_quadrants, v_misc_15, v_rooms_2,
          v_rooms_6, v_pattern_1
Vaults:4: nicolae_vaults_little_squares_1, v_misc_30,
          hangedman_vaults_corner_blocks, hangedman_vaults_locks,
          nicolae_vaults_halls_meeting, v_misc_26, v_misc_16, v_misc_5,
          hangedman_vaults_slither, ontoclasm_vaults_chip, serial_shops, shop
Crypt:1:  serial_glass, glass_columns_c, glass_columns_a, grunt_ministairs_15,
          serial_sigils_hangedman_gut
Crypt:3:  church_of_pain_bobbens, tomb_entry_forgotten_bobbens,
          weyrava_vampire_temple, uniq_donald
Depths:1: grunt_decor_arrowhead, serial_shops, nicolae_shop_waterfront,
          grunt_hell_entry_dis_mu, hangedman_decor_slide_cut, spider_trap,
          hangedman_research_electronics, uniq_wiglaf
Depths:2: nicolae_whirlpool, enter_ziggurat_f, special_room, hell_entry,
          nrook_mini_vaults, infiniplex_staircase_pool_lava
Depths:3: kennysheep_room_grid, hell_entry, special_room,
          hangedman_abyss_or_decor_slice, hangedman_abyss_entry_splay,
          rand_demon_pan_entry_4, kennysheep_small_circle,
          infiniplex_staircase_zigzag_2, basic_stair_grate_trap, uniq_asterion,
          uniq_frederick
Depths:4: kennysheep_demon_jail, serial_shops, shop,
          pf_vacation_house_of_asmodeus, serial_bayou_shore_b, abyss_entry,
          uniq_xtahua, uniq_sojobo
Depths:5: grunt_zot_entry_alcove, serial_shops, bzr_firewalk, lightli_too_deep,
          abyss_entry, pan_entry, serial_bayou, serial_bayou_crossing,
          serial_bayou_lagoon_a, serial_bayou_pond_c, serial_bayou_lagoon_b,
          grunt_decor_cap
Zot:1:    hangedman_orp_of_zott, st_stairs_3
Zot:2:    bh_zot_ikea_curve, st_stairs_7
Zot:4:    hangedman_hellfire_club
Abyss:2:  hangedman_abyss_or_decor_stabs, evilmike_abyss_exit_9
Abyss:3:  evilmike_abyss_rune_curve
Abyss:4:  hangedman_decor_riveting, evilmike_abyss_exit_glass,
          evilmike_abyss_exit_kraken
Bazaar:   bazaar_mystics
IceCv:    ice_cave_small_necro

Skill      XL: |  1  2  3  4  5  6  7  8  9 10 11 12 13 14 15 16 17 18 19 20 21 22 23 24 25 26 27 |
---------------+----------------------------------------------------------------------------------+-----
Fighting       | 3 4 5 6 8 10 12 14 15 16 | 16.2
Spellcasting   | 1 2 3 4 5 6 7 8 10 11 12 13 | 13.2
Unarmed Combat | 5 6 7 8 9 10 12 13 14 15 16 17 18 20 21 | 21.0
Shields        | 1 3 4 5 7 8 9 10 11 13 14 15 | 15.0
Throwing       | 2 6 8 10 12 | 12.7
Invocations    | 3 6 7 8 9 11 12 15 19 23 | 23.0
Evocations     | 2 5 6 7 8 10 | 10.5
Armour         | 3 5 8 10 12 | 12.0
Dodging        | 4 7 8 10 12 17 | 17.0
Charms         | 4 |  4.2
Air Magic      | 2 |  2.0
Translocations | 3 |  3.0
Stealth        | |  2.4

Action                   |  1- 3 |  4- 6 |  7- 9 | 10-12 | 13-15 | 16-18 | 19-21 | 22-24 | 25-27 || total
-------------------------+-------+-------+-------+-------+-------+-------+-------+-------+-------++-------
Melee: Unarmed           |   131 |   140 |   433 |  1004 |  2012 |  2153 |  2408 |  2325 |  4373 || 14979
       Bite              |    38 |    54 |   167 |   456 |   987 |  1177 |  1374 |  1374 |  2309 ||  7936
       Punch             |     1 |     3 |       |       |       |       |       |       |       ||     4
 Fire: Blowgun           |       |       |       |       |       |       |       |    12 |       ||    12
Throw: Tomahawk          |       |     3 |       |     6 |    15 |    20 |     6 |    25 |    12 ||    87
       Javelin           |       |       |       |     1 |       |       |     6 |       |     5 ||    12
 Cast: Repel Missiles    |       |       |       |       |       |       |     1 |     6 |     4 ||    11
       Apportation       |       |       |       |       |       |       |       |       |     1 ||     1
Invok: Greater Healing   |       |       |       |     1 |       |     7 |     6 |       |       ||    14
       Heal Other        |       |       |       |       |       |     2 |       |       |       ||     2
       Lesser Healing    |       |       |       |       |       |     1 |       |       |       ||     1
       Greater Healing   |       |       |       |       |       |       |     1 |     6 |    13 ||    20
Evoke: Club              |       |       |       |     1 |    10 |    16 |       |       |       ||    27
       Phial of floods   |       |       |       |       |       |     2 |     2 |     1 |       ||     5
       Wand              |       |       |       |       |       |       |       |     1 |     4 ||     5
  Use: Scroll            |       |     8 |     5 |    14 |     8 |    14 |    12 |       |       ||    61
       Potion            |       |       |       |     2 |       |     8 |     4 |       |       ||    14
       Scroll            |       |       |       |       |       |       |       |    12 |    23 ||    35
       Potion            |       |       |       |       |       |       |       |     4 |     8 ||    12
 Stab: Sleeping          |     5 |     1 |       |     1 |     4 |     2 |     3 |       |       ||    16
       Distracted        |       |       |       |       |     1 |     1 |       |       |       ||     2
       Paralysed         |       |       |       |       |     6 |       |       |       |       ||     6
       Invisible         |       |       |       |       |       |       |     4 |       |       ||     4
       Sleeping          |       |       |       |       |       |       |     2 |       |     6 ||     8
       Distracted        |       |       |       |       |       |       |     1 |     1 |     5 ||     7
       Invisible         |       |       |       |       |       |       |       |       |     1 ||     1
       Paralysed         |       |       |       |       |       |       |       |       |     5 ||     5
  Eat: Chunk             |     2 |     5 |    12 |    14 |    40 |    36 |    33 |       |       ||   142
       Pizza             |       |       |       |     3 |     1 |     3 |       |       |       ||     7
       Fruit             |       |       |       |     1 |       |    10 |       |       |       ||    11
       Royal jelly       |       |       |       |     1 |       |       |       |       |       ||     1
       Beef jerky        |       |       |       |       |       |     1 |       |       |       ||     1
       Chunk             |       |       |       |       |       |       |    11 |    43 |    60 ||   114
       Bread ration      |       |       |       |       |       |       |       |       |     1 ||     1
       Pizza             |       |       |       |       |       |       |       |       |     1 ||     1
Armor: Robe              |    11 |       |       |       |       |       |       |       |       ||    11
       Ring mail         |    12 |    20 |       |       |       |       |       |       |       ||    32
       Scale mail        |       |    23 |   157 |   285 |   489 |   442 |   265 |       |       ||  1661
       Fire dragon armou |       |       |       |       |       |       |    44 |       |       ||    44
       Scale mail        |       |       |       |       |       |       |    95 |   384 |       ||   479
       Fire dragon armou |       |       |       |       |       |       |       |    66 |   906 ||   972
Dodge: Dodged            |    78 |    57 |   164 |   241 |   565 |   849 |   617 |       |       ||  2571
       Dodged            |       |       |       |       |       |       |   220 |   962 |  1771 ||  2953
       Deflected         |       |       |       |       |       |       |     1 |    14 |     8 ||    23
Block: Buckler           |       |     2 |    63 |       |       |       |       |       |       ||    65
       Shield            |       |       |    48 |   459 |  1116 |  1388 |  1129 |       |       ||  4140
       Large shield      |       |       |       |       |       |    75 |       |       |       ||    75
       Shield            |       |       |       |       |       |       |   363 |  1392 |  2995 ||  4750
